 Dungeon Crawl Stone Soup version 0.21.1-1-g345015f (webtiles) character file.

116 shakethe the Chopper (level 5, 0/41 HPs)
             Began as a Human Berserker on Feb 5, 2018.
             Was a Believer of Trog.
             Slain by an orc
             ... wielding a +0 hand axe
              (2 damage)
             ... on level 3 of the Dungeon.
             The game lasted 00:07:47 (2511 turns).

shakethe the Chopper (Human Berserker)              Turns: 2511, Time: 00:07:48

Health: 0/41       AC:  5    Str: 18    XL:     5   Next: 20%
Magic:  5/5        EV: 12    Int:  7    God:    Trog [**....]
Gold:   91         SH:  0    Dex: 13    Spells: 4/4 levels left

rFire    . . .     SeeInvis .   p - +4 quarterstaff (chaos)
rCold    . . .     Gourm    .   (shield currently unavailable)
rNeg     . . .     Faith    .   b - +0 animal skin
rPois    .         Spirit   .   (no helmet)
rElec    .         Reflect  .   q - +2 cloak
rCorr    .         Harm     .   (no gloves)
MR       .....                  (no boots)
Stlth    +.........             (no amulet)
HPRegen  0.13/turn              (no ring)
MPRegen  0.09/turn              (no ring)

@: no status effects
A: no striking features
a: Berserk, Trog's Hand, Burn Spellbooks, Renounce Religion


You were on level 3 of the Dungeon.
You worshipped Trog.
Trog was pleased with you.
You were not hungry.

You visited 1 branch of the dungeon, and saw 3 of its levels.

You collected 91 gold pieces.

Inventory:

Hand Weapons
 a - a +0 hand axe
 d - a +0 club
 p - a +4 quarterstaff of chaos (weapon)
 r - a +0 mace
Armour
 b - a +0 animal skin (worn)
 q - a +2 cloak (worn)
Scrolls
 e - 2 scrolls of identify {unknown}
 f - a scroll of amnesia {unknown}
 g - a scroll of teleportation {unknown}
 m - a scroll of remove curse {unknown}
Potions
 h - a potion of invisibility {unknown}
 i - a potion of lignification {unknown}
 j - a potion of mutation {unknown}
 k - a potion of resistance {unknown}
 l - a potion of berserk rage {unknown}
 n - a potion of heal wounds {unknown}
 o - a potion of might {unknown}
Comestibles
 c - 5 rations


   Skills:
 - Level 3.0 Fighting
 + Level 4.4 Axes
 + Level 3.0 Throwing
 - Level 2.0 Armour
 - Level 2.0 Dodging


You had 4 spell levels left.
You didn't know any spells.

Dungeon Overview and Level Annotations

Branches:
Dungeon (3/15)

Altars:


Message History

Trog accepts your kill.
You feel a strong urge to attack something.
Things that are here:
a short sword; a leather armour You start resting.
Eating a chunk of flesh.
You eat the chunk of flesh.
This raw flesh tastes terrible.
You feel your anger nearly subside.
You are no longer berserk.
You are exhausted.
You feel yourself slow down.
You start resting.
You feel yourself speed up.
You start resting.
You recover from your berserk rage.
You start resting.
Things that are here:
a short sword; a leather armour The orc hits you with a hand axe!
* * * LOW HITPOINT WARNING * * *
You closely miss the orc. The orc hits you with a hand axe.
You die...

#.. #.. #.# .# # #.#
### #.# #.. #.# #..
#.# #...####.####
#.# ##.#
..........))#
####.######...
.......o.##o#
#.............
##..##.####@#
#.##.######..# ...
#. #)#
#..........<.. # #.
#.# #..#..........
#.
###.###..########..#
#. #..........# #...
.............#.#
#.##
...##.#.####.#.# #.#
.# #.#.. ....# #.#
#.#.. #...# #.#


You could see an orc.

Vanquished Creatures
  An orc wizard (D:3)
  Crazy Yiuf (D:2)
  2 adders (D:2)
  An ooze (D:3)
  2 leopard geckos
  4 orcs (D:3)
  2 giant cockroaches
  A goblin (D:1)
  2 hobgoblins (D:1)
  2 jackals (D:2)
  3 kobolds
  4 bats
  A frilled lizard (D:1)
  9 rats
35 creatures vanquished.

Notes
Turn   | Place    | Note
-------+----------+-------------------------------------------
     0 | D:1      | shakethe the Human Berserker began the quest for the Orb.
     0 | D:1      | Reached XP level 1. HP: 18/18 MP: 1/1
   292 | D:1      | Reached XP level 2. HP: 21/24 MP: 2/2
   340 | D:1      | Reached skill level 1 in Throwing
   962 | D:2      | Reached XP level 3. HP: 26/29 MP: 3/3
  1117 | D:2      | Reached ** piety under Trog
  1764 | D:2      | Found a runed door.
  2133 | D:2      | Noticed Crazy Yiuf
  2146 | D:2      | Killed Crazy Yiuf
  2146 | D:2      | Reached skill level 4 in Axes
  2146 | D:2      | Reached XP level 4. HP: 16/35 MP: 4/4
  2474 | D:3      | Reached XP level 5. HP: 4/41 MP: 5/5
  2510 | D:3      | HP: 2/41 [orc/hand axe (7)]
  2511 | D:3      | Slain by an orc

Skill      XL: |  1  2  3  4 |
---------------+-------------+-----
Throwing       | 1 2 3 |  3.0
Axes           | 4 |  4.4
Fighting       | |  3.0
Armour         | |  2.0
Dodging        | |  2.0

Action                   |  1- 3 |  4- 6 || total
-------------------------+-------+-------++-------
Melee: Hand axe          |    82 |       ||    82
       Quarterstaff      |       |    21 ||    21
Invok: Berserk           |     1 |     1 ||     2
  Eat: Chunk             |     2 |     1 ||     3
       Ration            |     1 |       ||     1
Armor: Animal skin       |    35 |     6 ||    41
Dodge: Dodged            |    97 |    11 ||   108
